 Dungeon Crawl Stone Soup version 0.30-a0-779-g7971cf19c3 (webtiles) character file.

Game seed: 8901761364069655059

28 Esekla the Sneak (level 3, -2/26 HPs)
             Began as an Octopode Delver on Feb 17, 2023.
             Slain by an ufetubus (4 damage)
             ... on level 5 of the Dungeon.
             The game lasted 00:02:01 (171 turns).

Esekla the Sneak (Octopode Delver)                   Turns: 171, Time: 00:02:01

Health: -2/26      AC:  1    Str: 11    XL:     3   Next: 12%
Magic:  3/3        EV: 13    Int: 14    God:
Gold:   0          SH:  0    Dex: 13    Spells: 3/3 levels left

rFire   . . .      SeeInvis .    a - +0 falchion
rCold   . . .      Faith    .    (no shield)
rNeg    . . .      Spirit   .    (helmet restricted)
rPois   .          Reflect  .    (no amulet)
rElec   .          Harm     .    (no ring)
rCorr   .          Rampage  .    (no ring)
Will    .....                    (no ring)
Stlth   ++++                     (no ring)
HPRegen 0.24/turn                (no ring)
MPRegen 0.08/turn                (no ring)
                                 (no ring)
                                 (no ring)

@: no status effects
A: almost no armour, amphibious, 8 rings, camouflage 1, gelatinous body 1,
(nimble swimmer 1), tentacles
a: no special abilities


You were on level 5 of the Dungeon.
You visited 1 branch of the dungeon, and saw 1 of its levels.

Inventory:

Hand Weapons
 a - a +0 falchion (weapon)
 r - a +1 vampiric trident
Wands
 f - a wand of digging (3)
Scrolls
 b - a scroll of fog
 c - a scroll of identify {unknown}
 d - a scroll of fear
 g - a scroll of teleportation {unknown}
Potions
 e - a potion of haste


   Skills:
 * Level 3.2 Fighting
 + Level 2.0 Long Blades
 * Level 0.6 Polearms
 * Level 2.2 Dodging
 + Level 7.1 Stealth
 * Level 0.5 Spellcasting


You had 3 spell levels left.
You didn't know any spells.
Your spell library was empty.

Dungeon Overview and Level Annotations

Branches:
Dungeon (5/15)
 Temple: D:4-7

Altars:
Kikubaaqudgha
Sif Muna
Vehumet


Innate Abilities, Weirdness & Mutations

You cannot wear most types of armour.
You are amphibious.
You can wear up to eight rings at the same time.
Your skin changes colour to match your surroundings (Stealth+).
Your rubbery body absorbs attacks. (AC +1, EV +1)
((You are camouflaged when in or above water. (Stealth+)))
You have tentacles for arms and can constrict up to eight enemies at once.


Message History

An ufetubus comes into view.
Found a shimmering blue altar of Sif Muna.
Found Vehumet's Reference Book on Arcane Combat.
Found a radiant altar of Vehumet.
The ufetubus shouts!
The hound attacks as you move away! The hound barely misses you.
The hound bites you.
You barely miss the hound. You grab the hound. You constrict the hound.
The hound bites you. The hound completely misses you.
You hit the hound but do no damage.
The hound is lightly wounded.
You constrict the hound, but do no damage.
The hound barely misses you. The hound bites you.
* * * LOW HITPOINT WARNING * * *
You puncture the hound!
You feel better.
You squeeze the hound, but do no damage.
The hound is severely wounded.
You constrict the hound. The hound misses you. The hound closely misses you.
You puncture the hound!
You feel better.
You kill the hound!
The ufetubus hits you. x2
* * * LOW HITPOINT WARNING * * *
Your Stealth skill increases to level 7!
You have reached level 2!
You have reached level 3!
Your experience leads to an increase in your attributes!
Increase (S)trength, (I)ntelligence, or (D)exterity?
You feel clever. x2
You closely miss the ufetubus. Your grab misses the ufetubus.
The ufetubus misses you. The ufetubus closely misses you.
The ufetubus hits you.
* * * LOW HITPOINT WARNING * * *
The ufetubus hits you.
* * * LOW HITPOINT WARNING * * *
You feel the dreadful sensation subside.
a - a +0 falchion (weapon)
You hit the ufetubus. Your grab misses the ufetubus.
The ufetubus is heavily wounded.
The ufetubus hits you.
You die...

**,_.## *,,,,,,*
##*8...8*##*,,,,,,,
##8#*...*#8#*,,,,,,,
#...##.##...*******,
#_........:_* *,
**#...#.⌠.#,,,**** *,
*,*8*#.5.##8**,,,* ***
***,**###...#####*,* *,,
**********,,,* #@5....#..#*,***,,
*,,,,,,,,,,****#####..#..#*,,,,,,
*,********,,,,,,,,,#..#..#******,
*+*** *********,#..#..# *, ~,~~*
*,#..#.#* ** ,*,~* *,#....# ***,*
*,##.#### ,*,~* *,#.....######
~,~~**************,#####......#


You could see an ufetubus.

Vanquished Creatures
  A hound (D:5)
1 creature vanquished.

Notes
Turn   | Place    | Note
-------+----------+-------------------------------------------
     0 | D:5      | Esekla the Octopode Delver began the quest for the Orb.
     0 | D:5      | Reached XP level 1. HP: 16/16 MP: 1/1
   157 | D:5      | Found an ancient bone altar of Kikubaaqudgha.
   157 | D:5      | Noticed a hound
   160 | D:5      | Found a shimmering blue altar of Sif Muna.
   161 | D:5      | Found a radiant altar of Vehumet.
   168 | D:5      | Killed a hound
   169 | D:5      | Reached skill level 7 in Stealth
   169 | D:5      | Reached XP level 2. HP: 5/21 MP: 2/2
   169 | D:5      | Reached XP level 3. HP: 7/26 MP: 3/3
   171 | D:5      | Slain by an ufetubus

Illustrated notes

Levels and vault maps discovered:
D:5:      layout_basic, grunt_temple_overflow_magic_moments,
          kennysheep_generic_room_13

Skill      XL: |  1 |
---------------+----+-----
Stealth        | 7 |  7.1
Fighting       | |  3.2
Long Blades    | |  2.0
Polearms       | |  0.6
Dodging        | |  2.2
Spellcasting   | |  0.5

Action                     || total
---------------------------++-------
  Melee: Trident           ||     5
         Constrict         ||     1
         Tentacles         ||     1
         Falchion          ||     1
    Use: Scroll            ||     1
  Dodge: Dodged            ||     7

Table legend: (Time is in decaauts)
 A = Elapsed time spent in this place.
 B = Non-inter-level travel time spent in this place.
 C = Inter-level travel time spent in this place.
 D = Time resting spent in this place.
 E = Time spent auto-exploring this place.
 F = Levels seen in this place.
 G = Mean time per level.
                   A        B        C        D        E       F      G
               +--------+--------+--------+--------+--------+-----+--------+
         Total |    171 |    171 |      0 |      0 |      0 |   1 |  171.0 |
       Dungeon |    171 |    171 |      0 |      0 |      0 |   1 |  171.0 |
               +--------+--------+--------+--------+--------+-----+--------+

Top non-repeatable levels by time:
     D:5: 171 daAuts
